 Dungeon Crawl Stone Soup version 0.23-a0-182-g58cdd98 (webtiles) character file.

729 galech the Chopper (level 7, -12/54 HPs)
             Began as a Demonspawn Fighter on Sept 20, 2018.
             Was a Follower of Okawaru.
             Mangled by a two-headed ogre
             ... wielding a +0 giant club
              (19 damage)
             ... on level 6 of the Dungeon.
             The game lasted 00:06:21 (4324 turns).

galech the Chopper (Demonspawn Fighter)             Turns: 4324, Time: 00:06:22

Health: -12/54     AC:  8    Str: 17    XL:     7   Next: 44%
Magic:  0/7        EV: 14    Int: 11    God:    Okawaru [*.....]
Gold:   357        SH: 11    Dex: 14    Spells: 6/6 levels left

rFire    . . .     SeeInvis .   a - +0 war axe
rCold    . . .     Gourm    .   c - +0 shield
rNeg     + . .     Faith    .   B - +1 leather armour of Precision Catastrophes {rN+ Int+2 Slay+3}
rPois    .         Spirit   +   (helmet restricted)
rElec    .         Reflect  .   (no cloak)
rCorr    +         Harm     .   (no gloves)
MR       .....                  A - +2 pair of boots
Stlth    +++.......             e - amulet of rage
HPRegen  0.18/turn              r - ring of resist corrosion
MPRegen  0.10/turn              (no ring)

@: heroism
A: horns 2, spiny 1, magic shield
a: Heroism, Renounce Religion, Evoke Berserk Rage


You were on level 6 of the Dungeon.
You worshipped Okawaru.
Okawaru was aware of your devotion.
You were hungry.

You visited 1 branch of the dungeon, and saw 6 of its levels.

You collected 357 gold pieces.

Inventory:

Hand Weapons
 a - a +0 war axe (weapon)
Armour
 b - a +0 scale mail
 c - a +0 shield (worn)
 g - a +0 plate armour
 A - a +2 pair of boots (worn)
 B - the +1 leather armour of Precision Catastrophes (worn) {rN+ Int+2 Slay+3}
   (You found it on level 6 of the Dungeon)

   It affects your intelligence (+2).
   It affects your accuracy and damage with ranged weapons and melee attacks
   (+3).
   It protects you from negative energy.
Jewellery
 e - an amulet of rage (around neck)
 r - a ring of resist corrosion (left hand)
Wands
 v - a wand of flame (50)
 x - a wand of iceblast (12)
Scrolls
 i - 4 scrolls of amnesia
 j - a scroll of enchant weapon
 p - 7 scrolls of teleportation
 u - a scroll of remove curse
 y - a scroll of enchant armour
 z - a scroll of magic mapping
Potions
 d - a potion of might
 h - 2 potions of ambrosia
 l - a potion of brilliance {unknown}
 m - 2 potions of mutation {unknown}
 n - 2 potions of curing {unknown}
 o - 3 potions of heal wounds {unknown}
 s - 4 potions of lignification {unknown}
 t - a potion of flight {unknown}
 w - a potion of invisibility {unknown}
Comestibles
 f - 9 rations


   Skills:
 + Level 4.0(9.0) Fighting
 + Level 4.9(9.9) Axes
 + Level 4.5(9.5) Armour
 + Level 1.7(6.7) Dodging
 + Level 1.0(6.0) Stealth
 + Level 4.1(9.1) Shields


You had 6 spell levels left.
You didn't know any spells.
Your spell library was empty.

Dungeon Overview and Level Annotations

Branches:
Dungeon (6/15)
 Temple: D:4-7

Altars:
Nemelex Xobeh
Okawaru
Vehumet
Wu Jian
Xom
Zin


Innate Abilities, Weirdness & Mutations

You have a pair of horns on your head.
You are partially covered in sharp spines.
When hurt, damage is shared between your health and your magic reserves.


Message History

The two-headed ogre is moderately wounded.
The two-headed ogre hits you with a giant club!!
The two-headed ogre misses you.
You are too injured to fight recklessly!
You are too injured to fight recklessly!
You are too injured to fight recklessly!
You are too injured to fight recklessly!
You are too injured to fight recklessly!
You are too injured to fight recklessly!
You are too injured to fight recklessly!
You are too injured to fight recklessly!
You are too injured to fight recklessly!
You are too injured to fight recklessly!
You are too injured to fight recklessly!
You are too injured to fight recklessly!
You gain the combat prowess of a mighty hero.
The two-headed ogre hits you with a giant club!
* * * LOW HITPOINT WARNING * * *
The two-headed ogre hits you with a giant club!!
You die...

##...#.....# [...
##........#
#......
##.......####.....
#..#......#.....#
#
#.####..........#
###..#
###...#....##
.#..##
##.###....###.
....#
##...##........
###..#
#......@O....# #
##.#
#...##..........#
.....#
#../....._.# ....#
#........... ..$#
#......8.... ...
$........... .#
...##._...... ...
.... #.......# ...


You could see a two-headed ogre.

Vanquished Creatures
  A centaur (D:6)
  A howler monkey (D:5)
  A bullfrog zombie (D:6)
  2 crimson imps
  An orc wizard (D:6)
  A centaur skeleton (D:5)
  2 hounds
  2 iguanas (D:4)
  3 worker ants
  7 gnolls
  7 adders
  4 oozes
  2 worms
  2 dart slugs
  A leopard gecko (D:3)
  14 orcs
  2 ball pythons
  9 bats
  6 giant cockroaches
  7 goblins
  7 hobgoblins
  9 jackals
  11 kobolds
  4 quokkas
  A frilled lizard (D:3)
  A quokka skeleton (D:6)
  10 rats
  A plant (D:5)
119 creatures vanquished.

Notes
Turn   | Place    | Note
-------+----------+-------------------------------------------
     0 | D:1      | galech the Demonspawn Fighter began the quest for the Orb.
     0 | D:1      | Reached XP level 1. HP: 18/18 MP: 1/1
   194 | D:1      | Gained mutation: When hurt, damage is shared between your
                  | health and your magic reserves. [demonic ancestry]
   194 | D:1      | Reached XP level 2. HP: 24/24 MP: 2/2
   460 | D:1      | Reached XP level 3. HP: 24/29 MP: 3/3
   912 | D:2      | Found a radiant altar of Vehumet.
  1103 | D:2      | Gained mutation: You have a pair of small horns on your
                  | head. [demonic ancestry]
  1103 | D:2      | Reached XP level 4. HP: 35/35 MP: 4/4
  1190 | D:2      | Found a shimmering altar of Xom.
  1190 | D:2      | Found a shimmering altar of Xom.
  1193 | D:2      | Found a shimmering altar of Xom.
  1711 | D:3      | Reached XP level 5. HP: 30/41 MP: 3/5
  2158 | D:4      | Reached skill level 1 in Dodging
  2510 | D:4      | Gained mutation: You are partially covered in sharp spines.
                  | [demonic ancestry]
  2510 | D:4      | Reached XP level 6. HP: 32/47 MP: 3/6
  2942 | D:4      | Found an ornate altar of the Wu Jian Council.
  2945 | D:4      | Found an iron altar of Okawaru.
  2948 | D:4      | Became a worshipper of Warmaster Okawaru
  3187 | D:5      | Entered Level 5 of the Dungeon
  3942 | D:6      | Gained mutation: You have a pair of horns on your head.
                  | [demonic ancestry]
  3942 | D:6      | Reached XP level 7. HP: 39/53 MP: 7/7
  3972 | D:6      | Reached * piety under Okawaru
  3979 | D:6      | Got a shimmering leather armour
  3993 | D:5      | Identified the cursed +1 leather armour of Precision
                  | Catastrophes {rN+ Int+2 Slay+3} (You found it on level 6 of
                  | the Dungeon)
  4223 | D:6      | Reached skill level 1 in Stealth
  4317 | D:6      | Found a glowing silver altar of Zin.
  4317 | D:6      | Noticed a two-headed ogre
  4318 | D:6      | Found a sparkling altar of Nemelex Xobeh.
  4324 | D:6      | Mangled by a two-headed ogre

Vault maps used:
D:1:      saegor_arrival_simple_e
D:2:      old_standard_altar, xom_redecorated
D:3:      first_ration
D:4:      minitemple
D:5:      serial_glass, glass_columns_c, glass_columns_a,
          minmay_strange_pillars, item_on_display_a, due_unseen_surprise,
          serial_bayou_lagoon_a
D:6:      grunt_temple_overflow_open, serial_shops, kennysheep_mini,
          makhleb_blood_cavern_becter

Skill      XL: |  1  2  3  4  5  6  7 |
---------------+----------------------+-----
Axes           | 2 3 4 |  4.9
Armour         | 3 4 |  4.5
Shields        | 3 4 |  4.1
Dodging        | 1 |  1.7
Fighting       | 4 |  4.0
Stealth        | 1 |  1.0

Action                   |  1- 3 |  4- 6 |  7- 9 || total
-------------------------+-------+-------+-------++-------
Melee: War axe           |   100 |   232 |    24 ||   356
       Headbutt          |       |    40 |     5 ||    45
Invok: Heroism           |       |       |     1 ||     1
  Use: Scroll            |       |       |     8 ||     8
  Eat: Chunk             |     1 |     9 |     1 ||    11
Armor: Scale mail        |    71 |    80 |       ||   151
       Plate armour      |       |     3 |     5 ||     8
       Leather armour    |       |       |     5 ||     5
Dodge: Dodged            |    29 |    73 |    11 ||   113
Block: Shield            |    80 |   111 |    16 ||   207

Table legend:
 A = Non-vault XP
 B = Vault XP
 C = Vault XP percentage of total XP
 D = Non-vault monster count
 E = Vault monster count
 F = Vault count percentage of total count
                 A         B        C        D         E       F
            +---------+---------+-------+---------+---------+-------
      Total |    1042 |       0 |   0.0 |     118 |       0 |   0.0
            +---------+---------+-------+---------+---------+-------
        D:1 |      61 |       0 |   0.0 |      28 |       0 |   0.0
        D:2 |      44 |       0 |   0.0 |      18 |       0 |   0.0
        D:3 |     134 |       0 |   0.0 |      29 |       0 |   0.0
        D:4 |     252 |       0 |   0.0 |      20 |       0 |   0.0
        D:5 |     215 |       0 |   0.0 |      12 |       0 |   0.0
        D:6 |     336 |       0 |   0.0 |      11 |       0 |   0.0
            +---------+---------+-------+---------+---------+-------
